AoeStats
← BogeyXXS

Migration

509645010Analyzed
1v1 RM · 6d ago on Sep 27, 2026· 26m 48s· 2 players
Game mode
Random Map
Map size
132×132
Population
200
Speed
Normal
Resources
Standard
Victory
Conquest
Starting age
Dark Age
Ending age
Imperial Age
RankedLock teamsTeams togetherTeam positionsShared explorationLock speedFull tech treeHidden civsTurbo modeCheats
Victory
Defeat
🇪🇸 Malay · Spain
713
+16
🇧🇷 Saracens · Brazil
706
-16
AnitaPanda12
12:13 Feudal Age
17:35 Fletching
21:38 Castle Age
22:54 Medium Warships
24:18 Bodkin Arrow
BogeyXXS
12:04 Feudal Age
11:46 Fishing Lines
13:33 Double-Bit Axe
13:33 Horse Collar
15:50 Wheelbarrow
16:55 Loom
21:53 Castle Age
23:25 Medium Warships
22:37 Demolition Ship
23:26 Town Watch
26:23 Clinker Construction
26:28 Careening
26:26 Siphons
26:42 Gillnets
Connection lost

Rejoining the realm…

Still unreachable

The connection could not be restored.

Session expired

The server has moved on; the page needs a fresh start.